 Dungeon Crawl Stone Soup version 0.23-a0-607-g760965b (console) character file.

0 Duffy the Chopper (level 1, -15/19 HPs)
             Began as a Naga Gladiator on Dec 20, 2018.
             Killed from afar by a goblin (26 damage)
             ... with an exploding inner flame
             ... led by Robin
             ... hexed by the player character
             ... on level 2 of the Dungeon.
             The game lasted 00:00:09 (47 turns).

Duffy the Chopper (Naga Gladiator)                    Turns: 47, Time: 00:00:10

Health: -15/19     AC:  2    Str: 16    XL:     1   Next: 10%
Magic:  1/1        EV: 10    Int:  8    God:
Gold:   31         SH:  0    Dex: 12    Spells: 0/0 levels left

rFire    . . .     SeeInvis +   a - +0 war axe
rCold    . . .     Gourm    .   (no shield)
rNeg     . . .     Faith    .   b - +0 leather armour
rPois    +         Spirit   .   c - +0 helmet
rElec    .         Reflect  .   (no cloak)
rCorr    .         Harm     .   (no gloves)
MR       .....                  (no barding)
Stlth    +.........             (no amulet)
HPRegen  0.06/turn              (no ring)
MPRegen  0.07/turn              (no ring)

@: very slow
A: large, see invisible, deformed body, poison resistance, slowness 2, slow
metabolism 1, spit poison 1, AC +0
a: Spit Poison


You were on level 2 of the Dungeon.
You were not hungry.

You visited 1 branch of the dungeon, and saw 2 of its levels.

You collected 31 gold pieces.

Inventory:

Hand Weapons
 a - a +0 war axe (weapon)
Missiles
 d - 3 throwing nets (quivered)
Armour
 b - a +0 leather armour (worn)
 c - a +0 helmet (worn)
Comestibles
 f - a ration


   Skills:
 - Level 2.0 Fighting
 + Level 3.0 Axes
 - Level 1.7 Throwing
 - Level 2.4 Dodging


You couldn't memorise any spells.
You didn't know any spells.
Your spell library was empty.

Dungeon Overview and Level Annotations

Branches:
Dungeon (2/15)

Altars:

Annotations:
D:2 Robin


Innate Abilities, Weirdness & Mutations

You cannot wear boots.
Your serpentine skin is tough. (AC +0)
You have supernaturally acute eyesight. (SInv)
Armour fits poorly on your strangely shaped body.
Your system is resistant to poisons. (rPois)
You cover ground very slowly.
You have a slow metabolism.
You can spit poison.


Message History

There is an escape hatch in the floor here.
You slide downwards.
The hatch slams shut behind you.
A frilled lizard, 11 goblins, 2 snakes and Robin come into view.
Robin shouts!
The goblin shouts!
The hobgoblin shouts!
The goblin shouts! x3
The adder hisses angrily.
The goblin shouts!
The ball python hisses angrily.
You hear an angry hiss.
Found a scroll labeled YRCHUD RYNAL.
You aren't carrying any potions.
Unknown command.
As you read the scroll labeled ASMYNA YNET, it crumbles to dust.
The creatures around you are filled with an inner flame!
It was a scroll of immolation.
The goblin closely misses you. The hobgoblin hits you.
The goblin hits you with a cursed +0 club.
Robin throws the goblin at you!
You closely miss the goblin. You barely miss the goblin. You slash the goblin!
The goblin explodes!
The fiery explosion engulfs you!
Ouch! That really hurt!
You die...

#...........
..#........
#.......S..
.lg.......
#.........
.........
##g..S....
#g@0g.....
#g.0g.....
#..ggg.....
#...........
..?.gg.......
...##..#......
##.#
#####..... #.
#####


You could see Robin (inner flame), an adder (inner flame), 2 hobgoblins, 8
goblins, a ball python (inner flame) and a frilled lizard (inner flame).

Vanquished Creatures
  A kobold (D:1)
1 creature vanquished.

Notes
Turn   | Place    | Note
-------+----------+-------------------------------------------
     0 | D:1      | Duffy the Naga Gladiator began the quest for the Orb.
     0 | D:1      | Reached XP level 1. HP: 19/19 MP: 1/1
    45 | D:2      | Noticed Robin
    47 | D:2      | Killed from afar by a goblin

Vault maps used:
D:1:      dpeg_arrival_rhombi, hex_tiny, minmay_three_crescents
D:2:      first_ration, uniq_robin

Action                   || total
-------------------------++-------
Melee: War axe           ||     5
  Use: Scroll            ||     1
Armor: Leather armour    ||     2
Dodge: Dodged            ||     2

Table legend:
 A = Non-vault XP
 B = Vault XP
 C = Vault XP percentage of total XP
 D = Non-vault monster count
 E = Vault monster count
 F = Vault count percentage of total count
                 A         B        C        D         E       F
            +---------+---------+-------+---------+---------+-------
      Total |       1 |       0 |   0.0 |       1 |       0 |   0.0
            +---------+---------+-------+---------+---------+-------
        D:1 |       1 |       0 |   0.0 |       1 |       0 |   0.0
            +---------+---------+-------+---------+---------+-------
